 Dungeon Crawl Stone Soup version 0.19-a0-926-g4486784 (webtiles) character file.

130 Amnesiac the Grave Robber (level 4, -1/30 HPs)
             Began as a Mummy Necromancer on July 6, 2016.
             Slain by a centaur (10 damage)
             ... on level 4 of the Dungeon.
             The game lasted 00:02:28 (1287 turns).

Amnesiac the Grave Robber (Mummy Necromancer)       Turns: 1287, Time: 00:02:29

Health: -1/30      AC:  2    Str: 11    XL:     4   Next: 90%
Magic:  5/8        EV: 12    Int: 14    God:
Gold:   36         SH:  0    Dex: 13    Spells: 2 memorised, 5 levels left

rFire  x . .     SeeInvis .     c - +0 short sword
rCold  + . .     Gourm    .     a - +0 robe
rNeg   + + +     Faith    .     (no shield)
rPois  ∞         Spirit   .     (no helmet)
rElec  .         Dismiss  .     (no cloak)
rCorr  .         Reflect  .     (no gloves)
SustAt .         Harm     .     (no boots)
MR     .....                    (no amulet)
Stlth  ++........               (no ring)
                                (no ring)

@: not resistant to hostile enchantments, unstealthy
A: no food or potions, fire vulnerability, cold resistance 1, negative energy
resistance 3, torment resistance, unbreathing
a: no special abilities


You were on level 4 of the Dungeon.
You were not hungry.

You visited 1 branch of the dungeon, and saw 4 of its levels.

You collected 36 gold pieces.

Inventory:

Hand Weapons
 c - a +0 short sword (weapon)
Armour
 a - a +0 robe (worn)
Scrolls
 d - a scroll of blinking
 e - a scroll of magic mapping
Books
 b - a book of Necromancy

   Spells                             Type                      Level
   a - Pain                           Necromancy                   1
   b - Animate Skeleton               Necromancy                   1
   c - Vampiric Draining              Necromancy                   3
   d - Regeneration                   Charms/Necromancy            3
   e - Animate Dead                   Necromancy                   4
   f - Control Undead                 Necromancy                   4


   Skills:
 - Level 1.5 Dodging
 - Level 1.5 Stealth
 + Level 3.2 Spellcasting
 * Level 5.5 Necromancy


You had 5 spell levels left.
You knew the following spells:

 Your Spells              Type           Power        Failure   Level  Hunger
a - Pain                  Necr           ###.         2%          1    N/A
f - Vampiric Draining     Necr           ###.......   10%         3    N/A

Dungeon Overview and Level Annotations

Branches:
Dungeon (4/15)
 Temple: D:4-7

Altars:
Dithmenos

Annotations:
D:3 Ajdolov's ghost, amateur OgAM


Innate Abilities, Weirdness & Mutations

You do not eat or drink.
Your flesh is vulnerable to fire.
You are immune to poison.
Your flesh is cold resistant. (rC+)
You are immune to negative energy. (rN+++)
You are immune to unholy pain and torment.
You can survive without breathing.


Message History

The phantom blinks!
A centaur comes into view.
The centaur shouts!
The phantom blinks!
The centaur wields a shortbow.
The centaur shoots an arrow.
The arrow hits you!
* * * LOW HITPOINT WARNING * * *
The hound barks!
Found a stone staircase leading down.
The centaur unwields an uncursed shortbow.
The centaur completely misses you.
A worker ant comes into view.
Casting: Pain
Confirm with . or Enter, or press ? or * to list all spells.
Aiming: Vampiric Draining
Press: ? - help, Shift-Dir - straight line, f - centaur
Aim: a centaur The centaur is moderately wounded.
You feel life coursing into your body. The centaur barely misses you.
The centaur hits you!
You die...

....,,,*
#........,***
.$..,,** ##.....)..#
##..,** #........#
#***** *........#
********,.......#
*****,,,,,,,,,.a....#
,,,,,,***,,,,,,.h...#
**********++***#c...#
*,,,,,,,,#@..>#
*,,,,,,,,#.####
*,,8**8,,#W#
*,,****,,#.#
*,,****,,#.#
*,,8**8,,#.#
*,,,,,,,,#.#
*,,,,,,,,#§#
***#++####.#


You could see a phantom, a centaur, a hound and a worker ant.

Vanquished Creatures
  A howler monkey (D:4)
  An orc wizard (D:4)
  4 adders
  2 dart slugs (D:2)
  5 orcs (D:4)
  2 bats (D:2)
  A giant cockroach (D:2)
  A goblin (D:2)
  5 jackals
  A giant newt (D:4)
  A rat (D:2)
24 creatures vanquished.

Notes
Turn   | Place    | Note
-------+----------+-------------------------------------------
     0 | D:1      | Amnesiac the Mummy Necromancer began the quest for the Orb.
     0 | D:1      | Reached XP level 1. HP: 13/13 MP: 3/3
   132 | D:2      | Reached XP level 2. HP: 17/19 MP: 0/5
   299 | D:2      | Found a shadowy altar of Dithmenos.
   423 | D:2      | Reached XP level 3. HP: 24/24 MP: 3/6
   428 | D:2      | Learned a level 3 spell: Vampiric Draining
   666 | D:3      | Noticed Ajdolov's ghost (amateur OgAM)
   746 | D:4      | Reached skill level 5 in Necromancy
   746 | D:4      | Reached XP level 4. HP: 30/30 MP: 2/8
  1061 | D:4      | Noticed a phantom
  1078 | D:4      | Noticed an ogre
  1284 | D:4      | Noticed a centaur
  1287 | D:4      | Slain by a centaur

Vault maps used:
D:1:      dpeg_arrival_leaves_temple_mockup
D:2:      first_bread, grunt_dithmenos_smoke, uniq_jessica
D:4:      kennysheep_generic_room_6

Skill      XL: |  1  2  3  4 |
---------------+-------------+-----
Necromancy     | 5 |  5.5
Spellcasting   | 3 |  3.2
Dodging        | |  1.5
Stealth        | |  1.5

Action                   |  1- 3 |  4- 6 || total
-------------------------+-------+-------++-------
Melee: Short sword       |     3 |     3 ||     6
 Cast: Pain              |    32 |    27 ||    59
       Vampiric Draining |       |     1 ||     1
  Use: Scroll            |       |     6 ||     6
Armor: Robe              |     5 |     7 ||    12
Dodge: Dodged            |    12 |    16 ||    28
